[Event "Titled Tuesday Blitz August 31 2021"]
[White "Luong Phuong Hanh"]
[Black "Kamsky, Gata"]
[WhiteFideId "12401013"]
[BlackFideId "2000024"]
[WhiteElo "2096"]
[BlackElo "2644"]
[Result "0-1"]
[Round "01"]
[TimeControl "180+1"]
[Date "2021.08.31"]
[WhiteClock "0:01:59"]
[BlackClock "0:01:43"]

1. d4 Nf6 2. Nf3 e6 3. e3 b6 4. Bd3 Bb7 5. O-O g6 6. c4 Bg7 7. Nc3 c5 8. Re1 O-O 9. b3 d6 10. Bb2 Nc6 11. Qe2 Qe7 12. Rad1 Rad8 13. Bb1 cxd4 14. exd4 d5 15. cxd5 Nxd5 16. Nxd5 Rxd5 17. Be4 Rd7 18. d5 exd5 19. Bxg7 Kxg7 20. Qb2+ Qf6 21. Qxf6+ Kxf6 22. Rxd5 Rfd8 23. Rxd7 Rxd7 24. h4 h6 25. Rc1 Nd4 26. Bxb7 Ne2+ 27. Kf1 Nxc1 28. Be4 Nxa2 0-1


[Site "https://www.chess.com"]

[Event "Titled Tuesday Blitz August 31 2021"]
[White "Maksimovic, Bojan"]
[Black "Kejna, Piotr"]
[WhiteFideId "14408120"]
[BlackFideId "21821704"]
[WhiteElo "2439"]
[BlackElo "1640"]
[Result "1-0"]
[Round "01"]
[TimeControl "180+1"]
[Date "2021.08.31"]
[WhiteClock "0:00:07"]
[BlackClock "0:00:01"]

1. e4 c5 2. Nf3 d6 3. d4 cxd4 4. Nxd4 Nf6 5. Nc3 g6 6. Be3 Bg7 7. f3 Nc6 8. Qd2 O-O 9. O-O-O d5 10. Nxc6 bxc6 11. Bh6 e5 12. Bxg7 Kxg7 13. exd5 Nxd5 14. Nxd5 cxd5 15. Qxd5 Qc7 16. Qd6 Qa5 17. Bc4 Bb7 18. Rhe1 Rac8 19. Bb3 Rc5 20. Kb1 Rfc8 21. Qd2 Qb6 22. Qd7 R8c7 23. Qd6 Qa5 24. h4 h5 25. f4 e4 26. Qd4+ Kh7 27. g3 Qb6 28. Qd6 Qa5 29. Qf6 R5c6 30. Qd4 Rc5 31. Re3 Qb6 32. Rc3 Rxc3 33. bxc3 Qa5 34. Kb2 Bc6 35. Qb4 Qf5 36. Qd4 Rd7 37. Qg1 Rb7 38. Rd6 Bd7 39. Qd4 a5 40. a4 Be6 41. Qe5 1-0


[Site "https://www.chess.com"]

[Event "Titled Tuesday Blitz August 31 2021"]
[White "Maly, Alexey"]
[Black "Mostbauer, Maximilian"]
[WhiteFideId "14103184"]
[BlackFideId "1626680"]
[WhiteElo "2250"]
[BlackElo "2188"]
[Result "1/2-1/2"]
[Round "01"]
[TimeControl "180+1"]
[Date "2021.08.31"]
[WhiteClock "0:00:25"]
[BlackClock "0:00:34"]

1. d4 e6 2. c4 b6 3. Nf3 Bb7 4. g3 Nf6 5. Bg2 g6 6. O-O Bg7 7. b3 O-O 8. Bb2 d6 9. Nbd2 Nbd7 10. Qc2 a5 11. e4 Qe7 12. Rfe1 e5 13. Rad1 h6 14. h3 Kh7 15. Kh2 Rae8 16. a3 Ng8 17. b4 axb4 18. axb4 Ra8 19. Ra1 Rxa1 20. Rxa1 Ra8 21. Rxa8 Bxa8 22. Qa4 Qd8 23. d5 Bb7 24. Ne1 Nf8 25. Nd3 Bc8 26. c5 bxc5 27. bxc5 f5 28. c6 fxe4 29. Nxe4 Bf5 30. Qa7 Bxe4 31. Bxe4 Nf6 32. f3 h5 33. Bc1 Nxe4 34. fxe4 h4 35. g4 Bh6 36. Bxh6 Kxh6 37. Qe3+ Kg7 38. Kg2 Nh7 39. Nf2 Ng5 40. Qa7 Kh6 41. Qe3 Kg7 42. Nd3 Qf6 43. Nf2 Qd8 1/2-1/2


[Site "https://www.chess.com"]

[Event "Titled Tuesday Blitz August 31 2021"]
[White "Manukyan, Artyom"]
[Black "Yeletsky, Ivan"]
[WhiteFideId "13305786"]
[BlackFideId "24180327"]
[WhiteElo "2034"]
[BlackElo "2344"]
[Result "0-1"]
[Round "01"]
[TimeControl "180+1"]
[Date "2021.08.31"]
[WhiteClock "0:00:16"]
[BlackClock "0:01:24"]

1. e4 Nf6 2. e5 Nd5 3. d4 d6 4. Nf3 dxe5 5. Nxe5 c6 6. Be2 Bf5 7. Nf3 e6 8. O-O Bd6 9. c4 Nf4 10. Bxf4 Bxf4 11. Nc3 O-O 12. Bd3 Bg4 13. h3 Bh5 14. Ne4 Nd7 15. Be2 Bg6 16. Nc3 e5 17. d5 e4 18. Nd4 Ne5 19. g3 Bg5 20. h4 Bxh4 21. gxh4 Qxh4 22. Qd2 c5 23. Nc2 Nf3+ 24. Bxf3 exf3 25. Ne3 Rae8 26. d6 Re5 27. Ne2 Rh5 28. Ng3 Qh2# 0-1


[Site "https://www.chess.com"]

[Event "Titled Tuesday Blitz August 31 2021"]
[White "Materia, Marco"]
[Black "Hajiyeva, Laman"]
[WhiteFideId "45150451"]
[BlackFideId "13415875"]
[WhiteElo "2694"]
[BlackElo "1728"]
[Result "1-0"]
[Round "01"]
[TimeControl "180+1"]
[Date "2021.08.31"]
[WhiteClock "0:00:36"]
[BlackClock "0:00:41"]

1. d4 d5 2. c4 c6 3. Nf3 Nf6 4. Nc3 e6 5. Bg5 Be7 6. e3 Nbd7 7. Qc2 O-O 8. Be2 h6 9. Bh4 dxc4 10. Bxc4 b5 11. Bd3 Bb7 12. O-O Rc8 13. Qe2 b4 14. Ne4 Nxe4 15. Bxe7 Qxe7 16. Bxe4 Nf6 17. Bd3 c5 18. dxc5 Rxc5 19. Rad1 Rfc8 20. Bb1 a5 21. Rd2 Bd5 22. Rfd1 Qb7 23. Ne1 a4 24. f3 a3 25. Nd3 R5c7 26. b3 Rc3 27. e4 Bc6 28. Ne5 Be8 29. Qf2 Rc1 30. h3 Rxd1+ 31. Rxd1 Qc7 32. Nc4 Bb5 33. Nd6 Rd8 34. e5 Ne8 35. Qd4 Be2 36. Rd2 Qc1+ 37. Kh2 Qxb1 38. Rxe2 Qc1 39. Qxb4 Nxd6 40. exd6 g6 41. Qb6 Qf4+ 42. g3 Qxd6 43. Qxd6 Rxd6 44. Kg2 Rd1 45. Kf2 Rb1 46. Ke3 Kf8 47. Kd3 Ke7 48. Kc3 Rh1 49. Kb4 Rxh3 50. Rg2 e5 51. Kxa3 f5 52. Kb2 Ke6 53. a4 e4 54. fxe4 fxe4 55. Kc3 Kd5 56. b4 Rh1 57. Rd2+ Ke5 58. Rd8 Rg1 59. Kc4 Rxg3 60. Re8+ Kf4 61. a5 Rg1 62. a6 e3 63. a7 Ra1 64. a8=Q Rxa8 65. Rxa8 e2 66. Re8 Kf3 67. b5 Kf2 68. b6 e1=Q 69. Rxe1 Kxe1 70. b7 Kf2 71. b8=Q Kf3 72. Qd6 g5 73. Qxh6 g4 74. Qh5 Kf4 75. Qh4 Kf3 76. Qf6+ Kg2 77. Qf4 g3 78. Kd3 Kh1 79. Ke2 g2 80. Qh4+ Kg1 81. Kf3 Kf1 82. Qf2# 1-0


[Site "https://www.chess.com"]

[Event "Titled Tuesday Blitz August 31 2021"]
[White "Moroni, Luca Jr"]
[Black "Ilyasli, Ughur"]
[WhiteFideId "865834"]
[BlackFideId "13416197"]
[WhiteElo "2491"]
[BlackElo "2051"]
[Result "1-0"]
[Round "01"]
[TimeControl "180+1"]
[Date "2021.08.31"]
[WhiteClock "0:00:16"]
[BlackClock "0:00:01"]

1. d4 Nf6 2. c4 g6 3. Nc3 Bg7 4. e4 d6 5. Bd3 O-O 6. Nge2 e5 7. d5 Nh5 8. O-O f5 9. exf5 gxf5 10. Ng3 Nxg3 11. fxg3 e4 12. Bc2 Nd7 13. g4 Nc5 14. Be3 Nd3 15. Bxd3 exd3 16. Qxd3 fxg4 17. Bd4 Qg5 18. Bxg7 Kxg7 19. Rxf8 Kxf8 20. Rf1+ Kg7 21. Nb5 Bd7 22. Nxc7 Rf8 23. Qd4+ Kg8 24. Re1 g3 25. Ne6 gxh2+ 26. Kxh2 Bxe6 27. dxe6 Rf4 28. Qe3 Rh4+ 29. Kg1 Qh5 30. Qg3+ Rg4 31. Qf3 Qc5+ 32. Qf2 Qxf2+ 33. Kxf2 Kf8 34. b3 Ke7 35. Rh1 Kxe6 36. Rxh7 Rd4 37. Ke3 Rg4 38. Kf3 Rd4 39. Rxb7 a5 40. Ra7 Ke5 41. Rxa5+ Ke6 42. g4 Rd1 43. Kf4 Rf1+ 44. Kg5 Rg1 45. Rb5 1-0


[Site "https://www.chess.com"]

[Event "Titled Tuesday Blitz August 31 2021"]
[White "Msellek, Ilyass"]
[Black "Vachier-Lagrave, Maxime"]
[WhiteFideId "675938"]
[BlackFideId "623539"]
[WhiteElo "2207"]
[BlackElo "2850"]
[Result "0-1"]
[Round "01"]
[TimeControl "180+1"]
[Date "2021.08.31"]
[WhiteClock "0:00:36"]
[BlackClock "0:01:24"]

1. d4 Nf6 2. c4 e6 3. Nf3 b6 4. g3 Bb7 5. Bg2 Bb4+ 6. Bd2 Be7 7. O-O O-O 8. Nc3 d5 9. cxd5 exd5 10. Ne5 Nbd7 11. Bf4 c6 12. Rc1 Re8 13. Nxd7 Qxd7 14. Be5 Qe6 15. Re1 Nd7 16. Bf4 f5 17. f3 g5 18. Bd2 Bf6 19. e3 h5 20. Qc2 c5 21. Nb5 Rec8 22. Qd3 Ba6 23. a4 c4 24. Qa3 Be7 25. Bb4 Bxb4 26. Qxb4 Bxb5 27. axb5 Nf6 28. Ra1 Rc7 29. Re2 Re8 30. Rae1 g4 31. e4 gxf3 32. exf5 Qxe2 33. Rxe2 fxe2 34. Qe1 c3 35. bxc3 Rxc3 36. Kf2 Ng4+ 37. Kg1 Rc1 38. Bxd5+ Kg7 0-1


[Site "https://www.chess.com"]

[Event "Titled Tuesday Blitz August 31 2021"]
[White "Naroditsky, Daniel"]
[Black "Rodchenkov, Vitaly"]
[WhiteFideId "2026961"]
[BlackFideId "4152964"]
[WhiteElo "2608"]
[BlackElo "2337"]
[Result "1-0"]
[Round "01"]
[TimeControl "180+1"]
[Date "2021.08.31"]
[WhiteClock "0:01:54"]
[BlackClock "0:00:59"]

1. c4 Nf6 2. Nc3 d5 3. cxd5 Nxd5 4. e4 Nxc3 5. bxc3 e5 6. Nf3 Nc6 7. Bc4 Bd6 8. O-O O-O 9. h3 Qe7 10. Re1 Be6 11. Bxe6 Qxe6 12. d4 Qe7 13. Bg5 f6 14. Qb3+ Kh8 15. Qxb7 Nxd4 16. cxd4 fxg5 17. dxe5 Bxe5 18. Nxe5 Qxe5 19. Rac1 Qf4 20. Rc2 g4 21. Qxc7 gxh3 22. Qxf4 Rxf4 23. gxh3 Kg8 24. Kg2 Rb8 25. Kg3 Rf6 26. Re3 Ra6 27. e5 Kf8 28. Rc7 h5 29. e6 Rxa2 30. Rf3+ Kg8 31. Rff7 Re2 32. Rxg7+ Kh8 33. Rh7+ Kg8 34. Rcg7+ Kf8 35. e7+ 1-0


[Site "https://www.chess.com"]

[Event "Titled Tuesday Blitz August 31 2021"]
[White "Nguyen Hong Nhung"]
[Black "Dang, Hoang Son"]
[WhiteFideId "12412201"]
[BlackFideId "12402435"]
[WhiteElo "1661"]
[BlackElo "2248"]
[Result "1/2-1/2"]
[Round "01"]
[TimeControl "180+1"]
[Date "2021.08.31"]
[WhiteClock "0:00:05"]
[BlackClock "0:00:04"]

1. e4 g6 2. d4 Bg7 3. Nc3 d6 4. f4 Nd7 5. Nf3 a6 6. Bd3 c5 7. dxc5 Nxc5 8. O-O Nf6 9. Be3 O-O 10. Kh1 b5 11. e5 Ng4 12. Bg1 Bb7 13. h3 Nh6 14. Qe2 Nxd3 15. Qxd3 dxe5 16. fxe5 Qxd3 17. cxd3 Nf5 18. Rfe1 Rfd8 19. Rad1 Rac8 20. d4 e6 21. Bf2 b4 22. Ne4 Rc2 23. Rd2 Rdc8 24. g4 Rxd2 25. Nexd2 Rc2 26. Kg1 Ne7 27. Rb1 Bd5 28. a3 b3 29. Be3 h5 30. Ne1 Rc8 31. Kf2 hxg4 32. hxg4 a5 33. Nd3 a4 34. Nc5 Bc6 35. Rc1 Be8 36. Rc4 Nd5 37. Nde4 Bb5 38. Rc1 Bf8 39. Rh1 Bg7 40. Nd6 Rb8 41. Nxb5 Rxb5 42. Nxa4 f6 43. exf6 Nxf6 44. Kf3 e5 45. dxe5 Rxe5 46. Bf4 Rd5 47. Rh2 g5 48. Be3 Rd3 49. Ke2 Rxe3+ 50. Kxe3 Nxg4+ 51. Kd3 Nxh2 52. Nc5 Bxb2 53. a4 g4 54. Nxb3 g3 55. Ke2 Kf7 56. Nd2 Ke6 57. Ne4 Be5 58. a5 Bb8 59. a6 g2 60. Kf2 Ng4+ 61. Kxg2 Kd5 62. Nc3+ Kc6 63. Ne4 Kb6 64. Kf3 Ne5+ 65. Ke3 Kxa6 66. Nc5+ Kb5 67. Nd3 Nc4+ 68. Ke4 Ba7 69. Ne5 Nd6+ 70. Kd5 Nf5 71. Nf7 Ne3+ 72. Ke4 Kc4 73. Ne5+ Kc3 74. Nc6 Bc5 75. Ne5 Nd1 76. Nd7 Bd4 77. Kd5 Kd3 78. Nc5+ Ke3 79. Nd7 Nc3+ 80. Ke6 Ne4 81. Ke7 Ba7 82. Nf8 Kd4 83. Ne6+ Kd5 84. Nc7+ Ke5 85. Ne6 Nf6 86. Kf7 Be3 87. Ng7 Ne4 88. Kg6 Bc5 89. Nh5 Nd6 90. Ng7 Nc8 91. Ne8 Ne7+ 92. Kf7 Nf5 93. Ng7 Nd6+ 94. Kg6 Ne4 95. Nh5 Be7 96. Ng7 Bf6 97. Nf5 Nd2 98. Nh6 Bd8 99. Ng4+ Ke6 100. Nh6 Nf3 101. Kh5 Bf6 102. Kg4 Ne5+ 103. Kh5 Bg7 104. Ng4 Nd3 105. Kg6 Bd4 106. Kg5 Be3+ 107. Kh4 Bf4 108. Kh3 Kf5 109. Nh2 Ke4 110. Kg2 Bc7 111. Ng4 Kf4 112. Nf2 Ne1+ 113. Kf1 Ba5 114. Ke2 Nf3 115. Nd3+ Kg3 1/2-1/2


[Site "https://www.chess.com"]

[Event "Titled Tuesday Blitz August 31 2021"]
[White "Nurmanova, Alua"]
[Black "Murzin, Volodar"]
[WhiteFideId "13729390"]
[BlackFideId "44155573"]
[WhiteElo "1869"]
[BlackElo "2541"]
[Result "0-1"]
[Round "01"]
[TimeControl "180+1"]
[Date "2021.08.31"]
[WhiteClock "0:00:09"]
[BlackClock "0:00:12"]

1. e4 c6 2. d4 d5 3. e5 Bf5 4. h4 h5 5. Bd3 Bxd3 6. Qxd3 Qa5+ 7. Nd2 e6 8. Nf3 Nh6 9. O-O Nf5 10. c4 Be7 11. g3 O-O 12. a3 Rd8 13. b4 Qa6 14. Qc3 Nd7 15. c5 Qa4 16. Nb3 b6 17. Bb2 a5 18. cxb6 axb4 19. axb4 Qxb4 20. Qxb4 Bxb4 21. b7 Rab8 22. Ra7 c5 23. dxc5 Bxc5 24. Nxc5 Nxc5 25. Nd4 Rxb7 26. Rxb7 Nxb7 27. Nxf5 exf5 28. Bd4 Rd7 29. Rc1 Nd8 30. Rc8 Kh7 31. Rc2 Ne6 32. Rd2 f4 33. Kg2 Kg6 34. Kf3 fxg3 35. fxg3 Kf5 36. Ke3 Rb7 37. Rd3 Kg4 38. Kf2 Rc7 39. Be3 Rc2+ 40. Bd2 Nc5 41. Rxd5 Rxd2+ 42. Rxd2 Ne4+ 43. Ke3 Nxd2 44. Kxd2 Kxg3 45. Ke3 Kxh4 46. e6 fxe6 0-1


[Site "https://www.chess.com"]

[Event "Titled Tuesday Blitz August 31 2021"]
[White "Obolentseva, Alexandra"]
[Black "Kuzubov, Yuriy"]
[WhiteFideId "24153648"]
[BlackFideId "14112906"]
[WhiteElo "2113"]
[BlackElo "2564"]
[Result "0-1"]
[Round "01"]
[TimeControl "180+1"]
[Date "2021.08.31"]
[WhiteClock "0:01:08"]
[BlackClock "0:00:45"]

1. d4 Nf6 2. c4 e6 3. Nc3 d5 4. cxd5 exd5 5. Nf3 c6 6. Bg5 Bf5 7. e3 Nbd7 8. Bd3 Bg6 9. O-O Bd6 10. Re1 Qc7 11. e4 dxe4 12. Nxe4 Nxe4 13. Bxe4 O-O 14. Qc2 Nb6 15. Rad1 Nd5 16. Bxg6 hxg6 17. Bh4 Rfe8 18. Bg3 Bxg3 19. hxg3 Qd6 20. Qb3 Qb4 21. Qxb4 Nxb4 22. a3 Nd5 23. Rxe8+ Rxe8 24. Re1 Rd8 25. Kf1 f6 26. Ke2 Kf7 27. Kd3 Rh8 28. Kc4 g5 29. b4 Rd8 30. Kc5 Nc7 31. a4 g4 32. Nh2 Ne6+ 33. Kc4 Rxd4+ 34. Kc3 c5 35. bxc5 Rxa4 36. f3 gxf3 37. Nxf3 Nxc5 38. Rb1 b6 39. Nd4 Ra3+ 40. Kc2 Rxg3 41. Nb5 Rxg2+ 42. Kc3 Ra2 43. Nd6+ Ke6 44. Nc4 f5 45. Re1+ Ne4+ 46. Kd4 g5 47. Rh1 Ra4 48. Rh6+ Nf6 49. Kc3 b5 50. Nd2 Rh4 51. Rxh4 gxh4 52. Nf3 Ne4+ 53. Kd4 h3 54. Ke3 b4 55. Kf4 b3 0-1


[Site "https://www.chess.com"]

[Event "Titled Tuesday Blitz August 31 2021"]
[White "Ohanyan, Emin"]
[Black "Dauletova, Gulmira"]
[WhiteFideId "13312022"]
[BlackFideId "13702971"]
[WhiteElo "1809"]
[BlackElo "2205"]
[Result "1-0"]
[Round "01"]
[TimeControl "180+1"]
[Date "2021.08.31"]
[WhiteClock "0:00:13"]
[BlackClock "0:00:02"]

1. e4 e5 2. Nc3 Nc6 3. Bc4 Nf6 4. d3 Bc5 5. f4 d6 6. Nf3 Bg4 7. Na4 Bxf3 8. Qxf3 Nd4 9. Qd1 b5 10. Nxc5 bxc4 11. Na4 Qd7 12. Nc3 cxd3 13. cxd3 O-O 14. O-O Rab8 15. b3 Qg4 16. fxe5 Qxd1 17. Rxd1 dxe5 18. Bg5 Nd7 19. Rac1 f6 20. Be3 c6 21. Bxd4 exd4 22. Na4 Ne5 23. Rc2 Rbe8 24. Nb2 f5 25. exf5 Rxf5 26. h3 h5 27. Rdd2 h4 28. Nc4 Nxc4 29. Rxc4 c5 30. Rdc2 Re1+ 31. Kh2 Rff1 32. g4 Rh1+ 33. Kg2 Rhg1+ 34. Kh2 Rh1+ 35. Kg2 Rhg1+ 36. Kf3 Rgf1+ 37. Rf2 Re3+ 38. Kg2 Rxf2+ 39. Kxf2 Rxd3 40. Rxc5 Rxh3 41. Ra5 d3 42. Rxa7 Rh2+ 43. Ke3 d2 44. Rd7 Rg2 45. Kf3 h3 46. a4 d1=Q+ 47. Rxd1 Rb2 48. Kg3 Rxb3+ 49. Kh2 Ra3 50. Rd4 Kf7 51. Rd7+ Kg6 52. Ra7 Kg5 53. Rxg7+ Kh4 54. Rh7+ Kxg4 55. Rg7+ Kf5 56. Ra7 Kg4 57. Rg7+ Kf5 58. Rg8 Rxa4 59. Kxh3 Ra3+ 60. Kh4 Ra7 61. Rf8+ Kg6 62. Rf4 Rh7+ 63. Kg4 Rf7 64. Ra4 Rf6 65. Ra8 Rf7 66. Rg8+ Kh7 67. Rc8 Rg7+ 68. Kf5 Rf7+ 69. Kg5 Rg7+ 70. Kh5 Rf7 71. Rc5 Rg7 72. Rf5 Rg8 73. Rf7+ Rg7 74. Rf6 Rg8 75. Rh6+ Kg7 76. Kg5 Kf7+ 77. Kf5 Rg7 78. Rh8 Rg8 79. Rh7+ Rg7 80. Rh2 Rg8 81. Rb2 Rg7 82. Rb4 Rg8 83. Rb7+ Kf8 84. Kf6 Ke8 85. Rb8+ Kd7 86. Rxg8 Kd6 1-0


[Site "https://www.chess.com"]

[Event "Titled Tuesday Blitz August 31 2021"]
[White "Omariev, Maksim"]
[Black "Le, Tuan Minh"]
[WhiteFideId "4193423"]
[BlackFideId "12401153"]
[WhiteElo "2447"]
[BlackElo "2450"]
[Result "0-1"]
[Round "01"]
[TimeControl "180+1"]
[Date "2021.08.31"]
[WhiteClock "0:00:14"]
[BlackClock "0:00:21"]

1. g4 d5 2. Bg2 c6 3. h3 e5 4. d4 exd4 5. Qxd4 Be6 6. Nf3 Nd7 7. Ng5 Qb6 8. Nxe6 fxe6 9. Qxb6 axb6 10. b3 Be7 11. Bb2 Bf6 12. Nc3 b5 13. a4 bxa4 14. Rxa4 Rxa4 15. Nxa4 Bxb2 16. Nxb2 Ngf6 17. Kd2 Ke7 18. Ra1 Kd6 19. Ra7 Kc7 20. Nd3 e5 21. f4 exf4 22. Nxf4 Re8 23. Ra1 Nc5 24. Rf1 Kd6 25. Nd3 Nce4+ 26. Bxe4 Nxe4+ 27. Ke1 Ra8 28. Nf2 Ra1+ 29. Nd1 Nc3 30. Kd2 Rxd1+ 31. Rxd1 Nxd1 32. Kxd1 Ke5 33. e3 Ke4 34. Ke2 g5 35. c3 b6 36. c4 dxc4 37. bxc4 b5 38. cxb5 cxb5 39. Kd2 b4 0-1


[Site "https://www.chess.com"]

[Event "Titled Tuesday Blitz August 31 2021"]
[White "Ozen, Bahadir"]
[Black "Pavlovic, Dejan S"]
[WhiteFideId "6337058"]
[BlackFideId "928399"]
[WhiteElo "2503"]
[BlackElo "2338"]
[Result "1-0"]
[Round "01"]
[TimeControl "180+1"]
[Date "2021.08.31"]
[WhiteClock "0:01:25"]
[BlackClock "0:00:27"]

1. b3 d5 2. Bb2 c6 3. e3 Bf5 4. Nf3 e6 5. Be2 Be7 6. Bxg7 Bf6 7. Bxh8 Bxh8 8. d4 a6 9. O-O c5 10. c3 Nc6 11. Nbd2 Bf6 12. Rc1 cxd4 13. Nxd4 Nxd4 14. cxd4 Ne7 15. Nf3 Nc6 16. h3 Qd7 17. Bd3 Bg6 18. Bxg6 hxg6 19. Ne1 Kf8 20. Nd3 Kg7 21. Nc5 Qe7 22. Qd2 Rc8 23. Rfd1 Na7 24. Nd3 Rd8 25. Qc2 Nc6 26. Qc5 Qd7 27. Qb6 Rb8 28. Nc5 Qc8 29. Nxb7 Rxb7 30. Qxc6 Qa8 31. Rc2 a5 32. Rdc1 Qa7 33. Rc5 Be7 34. Rb5 Rd7 35. Qb6 Qa8 36. Qb8 Qa6 37. Rc8 a4 38. Rg8+ Kf6 39. Qe5# 1-0


[Site "https://www.chess.com"]

[Event "Titled Tuesday Blitz August 31 2021"]
[White "Pajeken, Jakob Leon"]
[Black "Khusnutdinov, Rustam"]
[WhiteFideId "12942839"]
[BlackFideId "13701703"]
[WhiteElo "2231"]
[BlackElo "2571"]
[Result "1-0"]
[Round "01"]
[TimeControl "180+1"]
[Date "2021.08.31"]
[WhiteClock "0:00:17"]
[BlackClock "0:00:51"]

1. d4 d5 2. Nf3 e6 3. Bf4 c5 4. e3 Nc6 5. Nbd2 Nf6 6. c3 Be7 7. h3 Bd6 8. dxc5 Bxc5 9. Bd3 O-O 10. e4 Qb6 11. O-O Qxb2 12. e5 Qxc3 13. Nb3 Nd7 14. Bxh7+ Kxh7 15. Ng5+ Kg6 16. Rc1 Qb4 17. Qd3+ f5 18. exf6+ Kxf6 19. Nxc5 Nxc5 20. Qf3 Ke7 21. Bd6+ Kxd6 22. Qxf8+ Ne7 23. Qd8+ Nd7 24. Rfe1 e5 25. Qc7# 1-0


[Site "https://www.chess.com"]

[Event "Titled Tuesday Blitz August 31 2021"]
[White "Pein, Jonathan"]
[Black "Sipila, Vilka"]
[WhiteFideId "417092"]
[BlackFideId "505455"]
[WhiteElo "2167"]
[BlackElo "2334"]
[Result "0-1"]
[Round "01"]
[TimeControl "180+1"]
[Date "2021.08.31"]
[WhiteClock "0:00:33"]
[BlackClock "0:02:01"]

1. e4 e5 2. Nf3 Nf6 3. Bc4 Nxe4 4. Nc3 Nxc3 5. dxc3 f6 6. O-O Nc6 7. Re1 d6 8. Nh4 g6 9. f4 Qe7 10. Kh1 Be6 11. Bxe6 Qxe6 12. f5 Qf7 13. b4 Ne7 14. Qf3 c6 15. Qf2 Qc4 16. Nf3 Nxf5 17. Bd2 Bg7 18. a4 O-O 19. a5 Rfe8 20. Rad1 a6 21. Qb6 Re7 22. Rf1 e4 23. Nd4 Nxd4 24. cxd4 e3 25. Rfe1 Rae8 26. Bc1 Qxc2 27. d5 e2 28. Rd2 Qxc1 0-1


[Site "https://www.chess.com"]

[Event "Titled Tuesday Blitz August 31 2021"]
[White "Petriashvili, Nikoloz"]
[Black "Djokic, Mihailo"]
[WhiteFideId "13611216"]
[BlackFideId "976440"]
[WhiteElo "2430"]
[BlackElo "2054"]
[Result "1-0"]
[Round "01"]
[TimeControl "180+1"]
[Date "2021.08.31"]
[WhiteClock "0:00:18"]
[BlackClock "0:00:02"]

1. e4 c5 2. Nf3 d6 3. Bb5+ Bd7 4. Bxd7+ Qxd7 5. c4 Nc6 6. Nc3 Nf6 7. d4 cxd4 8. Nxd4 g6 9. Be3 Bg7 10. f3 O-O 11. Rc1 Rfd8 12. O-O e6 13. Qd2 d5 14. Nxc6 bxc6 15. cxd5 cxd5 16. exd5 Nxd5 17. Nxd5 Qxd5 18. Qxd5 Rxd5 19. Rc2 a5 20. b3 h5 21. Rfc1 Rd3 22. Rc8+ Rxc8 23. Rxc8+ Kh7 24. Kf2 a4 25. Rb8 Rc3 26. bxa4 Ra3 27. Ra8 Rxa2+ 28. Kf1 Bc3 29. Rc8 Ba5 30. Rc4 f5 31. Bd4 g5 32. h3 Kg6 33. Be5 f4 34. h4 Kf5 35. Rc5 Bb6 36. Rb5 Be3 37. Bd4+ Kg6 38. Rxg5+ Kh6 39. Bxe3 fxe3 40. Re5 Rxa4 41. Rxe6+ Kg7 42. Rxe3 Rxh4 43. Kf2 Ra4 44. Kg3 Kg6 45. Kh3 Kg5 46. Re5+ Kg6 47. g3 Rb4 48. f4 Rb1 49. Re6+ Kg7 50. Re5 Kg6 51. Rg5+ Kh6 52. Rg8 Rh1+ 53. Kg2 Ra1 54. Kf3 Rf1+ 55. Ke4 Kh7 56. Rg5 Kh6 57. Kf5 Ra1 58. Rg6+ Kh7 59. Kg5 Ra5+ 60. f5 h4 61. Rh6+ Kg7 62. Rxh4 Ra3 63. g4 Kf7 64. Rh7+ Kg8 65. Rd7 1-0


[Site "https://www.chess.com"]

[Event "Titled Tuesday Blitz August 31 2021"]
[White "Pires, Marcos Vinicius Torsani"]
[Black "Andreikin, Dmitry"]
[WhiteFideId "2118939"]
[BlackFideId "4158814"]
[WhiteElo "2273"]
[BlackElo "2782"]
[Result "0-1"]
[Round "01"]
[TimeControl "180+1"]
[Date "2021.08.31"]
[WhiteClock "0:00:12"]
[BlackClock "0:01:44"]

1. d4 Nf6 2. Nf3 e6 3. Bf4 Nh5 4. Bg5 f6 5. Bh4 g5 6. Bg3 g4 7. Nfd2 f5 8. e3 c5 9. c3 Nc6 10. Nc4 Nxg3 11. hxg3 d5 12. Ncd2 h5 13. Bb5 Bd7 14. Nb3 c4 15. N3d2 h4 16. gxh4 Rxh4 17. Rxh4 Qxh4 18. Qe2 O-O-O 19. Na3 Bxa3 20. bxa3 g3 21. fxg3 Qxg3+ 22. Qf2 Qd6 23. a4 Rg8 24. Nf3 Qa3 25. Qc2 Rxg2 26. Qxg2 Qxc3+ 27. Kf2 Qb2+ 28. Kg3 Qxa1 29. Bxc6 bxc6 30. Kf4 Qb1 31. Qg8+ Kc7 32. Qg3 c3 33. Kg5+ Kc8 34. Qd6 Qb8 35. Qf8+ Kc7 36. Qf6 c2 37. Qe5+ Kb7 0-1


[Site "https://www.chess.com"]

[Event "Titled Tuesday Blitz August 31 2021"]
[White "Pridorozhni, Aleksei"]
[Black "Petukhov, Dmitry"]
[WhiteFideId "4127870"]
[BlackFideId "4142748"]
[WhiteElo "2565"]
[BlackElo "2356"]
[Result "1-0"]
[Round "01"]
[TimeControl "180+1"]
[Date "2021.08.31"]
[WhiteClock "0:02:32"]
[BlackClock "0:01:15"]

1. e4 c5 2. Nc3 Nc6 3. Bb5 d6 4. Bxc6+ bxc6 5. d3 e5 6. f4 exf4 7. Bxf4 Ne7 8. Nf3 Ng6 9. Bg3 Be7 10. O-O O-O 11. Qd2 Bf6 12. Rae1 Bg4 13. Nd1 Re8 14. Ne3 Bxf3 15. Rxf3 Bxb2 16. c3 Rb8 17. Nc4 d5 18. Nxb2 dxe4 19. Rfe3 f5 20. Bxb8 Qxb8 21. Nc4 Ne5 22. Nxe5 Qxe5 23. dxe4 f4 24. Rd3 c4 25. Rd8 1-0


[Site "https://www.chess.com"]

[Event "Titled Tuesday Blitz August 31 2021"]
[White "Prydun, Andriy"]
[Black "Ponikarovsky, Alexey"]
[WhiteFideId "14145898"]
[BlackFideId "4122887"]
[WhiteElo "2047"]
[BlackElo "1944"]
[Result "0-1"]
[Round "01"]
[TimeControl "180+1"]
[Date "2021.08.31"]
[WhiteClock "0:00:03"]
[BlackClock "0:00:36"]

1. d4 d5 2. Nc3 c5 3. e4 cxd4 4. Qxd4 Nc6 5. Bb5 e6 6. exd5 exd5 7. Qxd5 Bd7 8. Nf3 Nf6 9. Qd2 Be7 10. O-O O-O 11. Rd1 Qb6 12. Qf4 Bc5 13. Be3 Bxe3 14. Qxe3 Qc7 15. Rd2 Bg4 16. h3 Bh5 17. Nd5 Nxd5 18. Rxd5 Rfe8 19. Qc3 Bxf3 20. Qxf3 a6 21. Bd3 Nb4 22. Rd4 Nxd3 23. Qxd3 Rad8 24. c3 Rxd4 25. Qxd4 Rd8 26. Re1 h6 27. Qb4 Rd2 28. c4 Qd7 29. c5 Rc2 30. Qe4 Rxc5 31. Qe8+ Qxe8 32. Rxe8+ Kh7 33. Re7 b5 34. Rxf7 Rc1+ 35. Kh2 Rc2 36. Ra7 Rxf2 37. Rxa6 Rxb2 38. Kg3 b4 39. Kf3 h5 40. h4 Rc2 41. Kg3 Rc3+ 42. Kf4 Rc4+ 43. Kg5 Rg4+ 44. Kxh5 Rxg2 45. Ra7 Rg1 46. Rb7 Rg3 47. Rc7 Rg1 48. Rb7 Rg2 49. Rc7 Rxa2 50. Rb7 Rg2 51. Rc7 b3 52. Rb7 Rb2 53. Kg5 Rb1 54. Kh5 b2 55. Kg5 Rg1+ 56. Kh5 Rg2 57. Rxg7+ Kh8 58. Rxg2 b1=Q 59. Rg5 Qd1+ 60. Kg6 Qd3+ 61. Kh5 Qf3+ 62. Kg6 Qe4+ 63. Kh5 Kh7 64. Rb5 Qe2+ 0-1


[Site "https://www.chess.com"]

[Event "Titled Tuesday Blitz August 31 2021"]
[White "Quispe Arteaga, Gabriel"]
[Black "Ashwin, Jayaram"]
[WhiteFideId "32059809"]
[BlackFideId "5018137"]
[WhiteElo "2172"]
[BlackElo "2461"]
[Result "0-1"]
[Round "01"]
[TimeControl "180+1"]
[Date "2021.08.31"]
[WhiteClock "0:00:29"]
[BlackClock "0:00:24"]

1. c4 e6 2. Nc3 d5 3. e3 Nf6 4. Nf3 Be7 5. b3 O-O 6. Bb2 c5 7. cxd5 Nxd5 8. Be2 Nc6 9. O-O b6 10. Rc1 Bb7 11. Qc2 Rc8 12. Qb1 Nxc3 13. dxc3 Bf6 14. Rfd1 Qe7 15. Nd2 Rfd8 16. Ne4 Be5 17. Bf3 Bb8 18. c4 Ne5 19. Bxe5 Bxe5 20. Nd2 Bxf3 21. Nxf3 Bf6 22. Qe4 g6 23. g4 Rxd1+ 24. Rxd1 Rd8 25. Rxd8+ Qxd8 26. Kg2 h6 27. Qb7 Qe7 28. Qxe7 Bxe7 29. Ne5 Bd6 30. Nc6 a6 31. f4 Kf8 32. Kf3 Ke8 33. Ke4 f6 34. f5 exf5+ 35. gxf5 gxf5+ 36. Kd5 Bxh2 37. Ke6 h5 38. Ne7 h4 39. Ng6 h3 0-1


[Site "https://www.chess.com"]